 Dungeon Sprint DCSS version 0.29-a0-542-g075992c915 (webtiles) character file.

Game seed: 15540738923901676370

92 mhtbhm the Covered (level 5, -9/50 HPs)
             Began as a Meteoran Fighter on June 4, 2022.
             Succumbed to a water moccasin's poison
             ... in the Dungeon (Sprint IX: "|||||||||||||||||||||||||||||").
             The game lasted 00:00:33 (141 turns).

mhtbhm the Covered (Meteoran Fighter)                Turns: 141, Time: 00:00:33

Health: -9/50      AC:  7    Str: 17    XL:     5   Next: 14%
Magic:  6/6        EV:  9    Int: 10    God:
Gold:   0          SH:  6    Dex: 15    Spells: 4/4 levels left

rFire   . . .      SeeInvis .   a - +0 flail
rCold   . . .      Faith    .   c - +0 buckler
rNeg    . . .      Spirit   .   b - +0 scale mail
rPois   .          Reflect  .   (no helmet)
rElec   .          Harm     .   (no cloak)
rCorr   .          Rampage  .   (no gloves)
Will    .....      NoTele   +   (no boots)
Stlth   ..........              (no amulet)
HPRegen 0.16/turn               (no ring)
MPRegen 0.10/turn               (no ring)

@: mighty, lethally poisoned (-9 -> -35), on berserk cooldown, slowed, glowing,
very slow
A: sense surroundings 1, otherworldly, glowing, explore regen
a: no special abilities


You were in the Dungeon.
You visited 1 branch

Inventory:

Hand Weapons
 a - a +0 flail (weapon)
Armour
 b - a +0 scale mail (worn)
 c - a +0 buckler (worn)
Scrolls
 j - a scroll of blinking
Potions
 g - a potion of haste
 h - 2 potions of magic


   Skills:
 + Level 5.9 Fighting
 + Level 5.6 Maces & Flails
 + Level 6.7 Armour
 + Level 0.2 Dodging
 + Level 6.1 Shields


You had 4 spell levels left.
You didn't know any spells.
Your spell library was empty.

Dungeon Overview and Level Annotations

Branches:
Dungeon (1/1)

Altars:


Innate Abilities, Weirdness & Mutations

You passively map a small area around you.
You are easily found by Zot.
You glow in the dark.
You regain HP and MP as you explore.


Message History

You feel very sick. The scorpion stings you.
* * * LOW HITPOINT WARNING * * *
The scorpion stings you but does no damage.
Unknown command.
You feel better.
The scorpion stings you but does no damage.
The scorpion stings you.
You sock the scorpion!
You kill the scorpion!
The water moccasin bites you.
You are lethally poisoned!
The water moccasin poisons you!
The water moccasin bites you but does no damage.
Your Fighting skill increases to level 5!
Your Maces & Flails skill increases to level 5!
Your Armour skill increases to level 6!
Your Shields skill increases to level 6!
You have reached level 4!
You have reached level 5!
You miss the water moccasin.
* * * LOW HITPOINT WARNING * * *
You feel extremely sick.
The water moccasin bites you but does no damage.
The water moccasin closely misses you.
Unknown command.
You sock the water moccasin!
The water moccasin is moderately wounded.
* * * LOW HITPOINT WARNING * * *
You feel very sick. The water moccasin bites you.
* * * LOW HITPOINT WARNING * * *
The water moccasin bites you.
* * * LOW HITPOINT WARNING * * *
You are more poisoned.
The water moccasin poisons you!
Unknown command.
You sock the water moccasin!
The water moccasin is almost dead.
You die...

▓.▓
▓.▓,
*
▓.▓,
, ▓†▓
▓.▓ *
▓)▓ *
▓.▓,*
* ▓.▓
,*
▓@▓,
,
▓S▓,
▓h▓ *
▓5▓
▓.▓ *
+
▓.▓,*
* ▓.▓
* * *
▓+▓ *
*


You could see a water moccasin, a black bear and a white imp.

Vanquished Creatures
  A scorpion (D)
  A hound (D)
  A dart slug (D)
  An endoplasm (D)
  2 kobolds (D)
  A rat (D)
7 creatures vanquished.

Notes
Turn   | Place    | Note
-------+----------+-------------------------------------------
     0 | D        | mhtbhm the Meteoran Fighter began the quest for the Orb.
     0 | D        | Reached XP level 1. HP: 19/19 MP: 2/2
    17 | D        | Reached XP level 2. HP: 20/27 MP: 3/3
   118 | D        | Noticed a hound
   118 | D        | Noticed a scorpion
   118 | D        | Noticed a water moccasin
   118 | D        | Noticed a black bear
   123 | D        | Killed a hound
   124 | D        | Reached skill level 5 in Armour
   124 | D        | Reached skill level 5 in Shields
   124 | D        | Reached XP level 3. HP: 35/35 MP: 4/4
   138 | D        | Killed a scorpion
   139 | D        | Reached skill level 5 in Fighting
   139 | D        | Reached skill level 5 in Maces & Flails
   139 | D        | Reached XP level 4. HP: 17/44 MP: 5/5
   139 | D        | Reached XP level 5. HP: 20/50 MP: 6/6
   140 | D        | HP: 1/50 [water moccasin (2)]
   141 | D        | Succumbed to a water moccasin's poison

Illustrated notes

Levels and vault maps discovered:
D:        linesprint [early_d, line_temple, items_1, d_10, items_2, lair_1,
          lair_end, items_3, orc_1, orc_end, items_4, d_15, swamp_1, shoals_1,
          snake_1, spider_1, d_20, vaults_1, items_5, swamp_end, shoals_end,
          snake_end, spider_end, vaults_end, d_27, items_6, zot_1, zot_end,
          crypt_end, forest_end, elf_end, slime_end, tomb_end, abyss_end,
          pan_hell_end]

Skill      XL: |  1  2  3 |
---------------+----------+-----
Maces & Flails | 3 4 5 |  5.6
Armour         | 4 5 6 |  6.7
Shields        | 4 5 6 |  6.1
Fighting       | 4 5 |  5.9
Dodging        | |  0.2

Action                   |  1- 3 |  4- 6 || total
-------------------------+-------+-------++-------
Melee: Flail             |    29 |     3 ||    32
  Use: Potion            |     4 |       ||     4
Armor: Scale mail        |    11 |     1 ||    12
Dodge: Dodged            |    10 |     1 ||    11
Block: Buckler           |     5 |       ||     5

Table legend: (Time is in decaauts)
 A = Elapsed time spent in this place.
 B = Non-inter-level travel time spent in this place.
 C = Inter-level travel time spent in this place.
 D = Time resting spent in this place.
 E = Time spent auto-exploring this place.
 F = Levels seen in this place.
 G = Mean time per level.
                   A        B        C        D        E       F      G
               +--------+--------+--------+--------+--------+-----+--------+
         Total |    148 |    148 |      0 |     91 |      3 |   1 |  148.0 |
       Dungeon |    148 |    148 |      0 |     91 |      3 |   1 |  148.0 |
               +--------+--------+--------+--------+--------+-----+--------+

Top non-repeatable levels by time:
       D: 148 daAuts
